 Dungeon Crawl Stone Soup version 0.30.1-4-g462c640d31 (webtiles) character file.

Game seed: 9660677591322617684

19 Peloso the Shield-Bearer (level 2, 0/27 HPs)
             Began as a Minotaur Fighter on Aug 20, 2023.
             Succumbed to their own poison gas
             ... on level 1 of the Dungeon.
             The game lasted 00:01:14 (744 turns).

Peloso the Shield-Bearer (Minotaur Fighter)          Turns: 744, Time: 00:01:14

Health: 0/27       AC: 10    Str: 20    XL:     2   Next: 55%
Magic:  1/1        EV:  9    Int:  5    God:
Gold:   53         SH:  4    Dex:  9    Spells: 1/1 levels left

rFire   . . .        a - +0 long sword
rCold   . . .        c - +0 buckler
rNeg    . . .        b - +0 scale mail
rPois   .            (helmet restricted)
rElec   .            (no cloak)
rCorr   .            (no gloves)
SInv    .            f - +2 pair of boots
Will    .....        (no amulet) Stlth
                     (no ring)
HPRegen 0.24/turn    (no ring)
MPRegen 0.07/turn

%: no passive effects
@: lethally poisoned (0 -> -27)
A: horns 2, retaliatory headbutt
a: no special abilities


You were on level 1 of the Dungeon.
You visited 1 branch of the dungeon, and saw 1 of its levels.

You collected 53 gold pieces.

Inventory:

Hand Weapons
 a - a +0 long sword (weapon)
Armour
 b - a +0 scale mail (worn)
 c - a +0 buckler (worn)
 f - a +2 pair of boots (worn)
Jewellery
 l - a +6 ring of strength
Scrolls
 e - 2 scrolls of identify
 j - 2 scrolls of enchant armour {unknown}
Potions
 d - a potion of might
 h - a potion of curing


   Skills:
 + Level 3.9 Fighting
 + Level 2.8 Long Blades
 + Level 3.9 Armour
 + Level 4.0 Shields


You had one spell level left.
You didn't know any spells.
Your spell library contained the following spells:

 Spells                   Type           Power      Damage    Failure   Level
 Sublimation of Blood     Necr           0%         N/A       95%         2
 Petrify                  Tmut/Erth      0%         N/A       100%        4
 Irradiate                Conj/Tmut      0%         3d11      100%        5


Dungeon Overview and Level Annotations

Branches:
Dungeon (1/15)

Altars:


Innate Abilities, Weirdness & Mutations

You have a pair of horns on your head.
You reflexively headbutt those who attack you in melee.


Message History

The dart slug bites you but does no damage.
You hit the dart slug.
You kill the dart slug!
Your Shields skill increases to level 4!
A frilled lizard comes into view.
A frilled lizard is nearby!
A frilled lizard is nearby!
A frilled lizard is nearby!
You barely miss the frilled lizard. You headbutt the frilled lizard.
You kill the frilled lizard!
There is an open door here.
There is an open door here.
There is an open door here.
Done exploring.
Done exploring.
Done exploring.
Done exploring.
As you read the scroll labelled ECAULE WULIT, it crumbles to dust.
It is a scroll of identify.
h - a potion of curing It was a potion of brilliance.
You feel clever all of a sudden.
You start waiting.
You feel a little less clever now.
As you read the scroll labelled KESTUMNEEJI, it crumbles to dust.
You hear a loud clanging noise!
It was a scroll of noise.
The air fills with toxic fumes!
As you read the scroll labelled KUEXIE QOYKAER, it crumbles to dust.
It was a scroll of poison.
Blink to where?
Press: ? - help, Dir - move target Really blink into that cloud of poison gas?
As you read the scroll labelled XIMOAD UR KELUOCO, it crumbles to dust.
It was a scroll of blinking.
You are engulfed in poison gas.
You are poisoned.
You feel very sick.
You are engulfed in poison gas.
You are lethally poisoned!
* * * LOW HITPOINT WARNING * * *
You die...

...##...# #(.......# #........
...##...###........######........
...#......#.............#.)......
...'......'......................
...#......###.#########.#........
...#......# #........##.#........
...######## ########.##.########.
...# ###§§§###§##§# ## ...#####
#§§§§@§§§§§§§######### .......#
#§§§§§§§§§§§§......... .......#
#§§§§§§§§§§§§.....#### .......#
#§§§§§§§§§§§#####.# ########
###§§§###§#####.#.#
###########§§.....#.#
##########........########.#.#
.........'.............# #.#.#
....######........####.# #.#.####


There were no monsters in sight!

Vanquished Creatures
  A dart slug (D:1)
  An endoplasm (D:1)
  2 giant cockroaches (D:1)
  2 goblins (D:1)
  2 hobgoblins (D:1)
  4 ball pythons (D:1)
  2 bats (D:1)
  A frilled lizard (D:1)
15 creatures vanquished.

Notes
Turn   | Place    | Note
-------+----------+-------------------------------------------
     0 | D:1      | Peloso the Minotaur Fighter began the quest for the Orb.
     0 | D:1      | Reached XP level 1. HP: 19/19 MP: 0/0
   218 | D:1      | Reached XP level 2. HP: 27/27 MP: 1/1
   596 | D:1      | Reached skill level 4 in Shields
   744 | D:1      | Succumbed to their own poison gas

Illustrated notes

Levels and vault maps discovered:
D:1:      wander_arrival_lonely_grave, layout_basic, minmay_split_cup_small

Skill      XL: |  1  2 |
---------------+-------+-----
Shields        | 4 |  4.0
Fighting       | |  3.9
Long Blades    | |  2.8
Armour         | |  3.9

Action                     || total
---------------------------++-------
  Melee: Long sword        ||    29
         Headbutt          ||     6
    Use: Scroll            ||     4
         Potion            ||     1
 Armour: Scale mail        ||    18
  Dodge: Dodged            ||    16
  Block: Buckler           ||     4
